 Dungeon Crawl Stone Soup version 0.18.1-5-g4a78601 (webtiles) character file.

64 shmeve the Skirmisher (level 3, 0/49 HPs)
             Began as a Minotaur Berserker on May 14, 2016.
             Was a Believer of Trog.
             Killed from afar by Beargit's ghost (19 damage)
             ... with a bolt of lightning
             ... on level 3 of the Dungeon.
             The game lasted 00:02:40 (2152 turns).

shmeve the Skirmisher (Minotaur Berserker)          Turns: 2152, Time: 00:02:40

Health: 0/49       AC:  3    Str: 26    XL:     3   Next: 91%
Magic:  2/2        EV: 12    Int:  5    God:    Trog [**....]
Gold:   130        SH:  0    Dex:  9    Spells: 0 memorised, 2 levels left

rFire  . . .     SeeInvis .     a - +0 hand axe
rCold  . . .     Gourm    .     b - +0 animal skin
rNeg   . . .     Faith    +     (no shield)
rPois  .         Spirit   .     m - +1 hat
rElec  .         Dismiss  .     (no cloak)
rCorr  .         Reflect  .     (no gloves)
SustAt .         Harm     .     (no boots)
MR     ++...                    p - amulet of faith
Stlth  ..........               (no ring)
                                (no ring)

@: berserking, regenerating, very quick, very resistant to hostile enchantments,
extremely unstealthy
A: retaliatory headbutt, horns 2
a: Berserk, Trog's Hand, Burn Spellbooks, Renounce Religion


You were on level 3 of the Dungeon.
You worshipped Trog.
Trog was pleased with you.
You were not hungry.

You visited 1 branch of the dungeon, and saw 3 of its levels.

You collected 130 gold pieces.

Inventory:

Hand Weapons
 a - a +0 hand axe (weapon)
Armour
 b - a +0 animal skin (worn)
 l - a +0 shield
 m - a +1 hat (worn)
Jewellery
 p - an amulet of faith (around neck)
Scrolls
 f - 2 scrolls of immolation {unknown}
 g - 8 scrolls of identify {unknown}
 h - 2 scrolls of remove curse {unknown}
 j - a scroll of recharging {unknown}
 n - a scroll of amnesia {unknown}
 q - a scroll of noise {unknown}
 r - a scroll of teleportation {unknown}
 s - 2 scrolls of enchant weapon {unknown}
Potions
 d - a potion of lignification {unknown}
 e - 3 potions of ambrosia {unknown}
 i - a potion of heal wounds {unknown}
 k - a potion of agility {unknown}
 o - 2 potions of flight {unknown}
 t - 2 potions of curing {unknown}
 u - a potion of invisibility {unknown}
Comestibles
 c - a bread ration
 v - 4 chunks of flesh


   Skills:
 - Level 4.1 Fighting
 - Level 4.1 Axes
 - Level 2.5 Armour
 - Level 2.5 Dodging
 + Level 3.0 Shields


You had 2 spell levels left.
You didn't know any spells.

Dungeon Overview and Level Annotations

Branches:
Dungeon (3/15)

Altars:
Dithmenos
Yredelemnul

Annotations:
D:3 Beargit's ghost, amateur TeAE


Innate Abilities, Weirdness & Mutations

You reflexively headbutt those who attack you in melee.
You have a pair of horns on your head.


Message History

g - 8 scrolls labeled BOFOUFI XA XOTAMP (gained 1)
o - 2 fizzy red potions (gained 1) Beargit's ghost (amateur Tengu Air Elementalist) comes into view.
It is wielding a weapon of venom.
Beargit's ghost turns its malevolent gaze towards you.
Beargit's ghost casts a spell at you. The zap misses you. The zap hits you!
Your skin crawls.
You feel resistant to hostile enchantments.
You feel slightly more hungry.
Beargit's ghost casts a spell.
Beargit's ghost puts on a burst of speed!
Beargit's ghost shrieks, "You must not succeed where I failed!"
Beargit's ghost gestures wildly while chanting.
Beargit's ghost begins repelling missiles!
A red film seems to cover your vision as you go berserk!
You feel yourself moving faster!
You feel mighty!
You feel somewhat more hungry.
Beargit's ghost gestures at you while chanting.
The bolt of lightning hits you! x2
You die...

##################
.................#
.#####.####.####.#
#.# #.# #@#
#.####.# #W#
#.##...# #.#
#.##.### #.#
#.##.# #.# .#
#.##.# #.# .#
#.##.######.# ###
#...........# ..#
####.########


You could see Beargit's ghost.

Vanquished Creatures
  2 adders
  An ooze (D:3)
  2 giant geckos (D:2)
  2 giant cockroaches
  5 goblins
  3 hobgoblins
  6 jackals
  2 kobolds (D:1)
  A quokka (D:3)
  4 bats (D:1)
  2 giant newts
  7 rats
37 creatures vanquished.

Vanquished Creatures (others)
  2 jackals (D:1)
  A rat (D:1)
3 creatures vanquished.

Grand Total: 40 creatures vanquished

Notes
Turn   | Place    | Note
--------------------------------------------------------------
     0 | D:1      | shmeve the Minotaur Berserker began the quest for the Orb.
     0 | D:1      | Reached XP level 1. HP: 19/19 MP: 0/0
   384 | D:1      | Reached XP level 2. HP: 25/27 MP: 1/1
  1098 | D:2      | Reached skill level 1 in Shields
  1222 | D:2      | Reached ** piety under Trog
  1222 | D:2      | Reached XP level 3. HP: 27/33 MP: 2/2
  1461 | D:2      | Found a shadowy altar of Dithmenos.
  1628 | D:3      | Found a basalt altar of Yredelemnul.
  2148 | D:3      | Noticed Beargit's ghost (amateur TeAE)
  2152 | D:3      | Killed from afar by Beargit's ghost

Skill      XL: |  1  2  3 |
---------------+----------+-----
Fighting       | 4 |  4.1
Axes           | 4 |  4.1
Shields        | 1 3 |  3.0
Armour         | |  2.5
Dodging        | |  2.5

Action                   || total
-------------------------++-------
Melee: Hand axe          ||    83
       Headbutt          ||    10
Invok: Berserk           ||     1
       Trog's Hand       ||     1
  Eat: Chunk             ||     4
Armor: Animal skin       ||    18
Dodge: Dodged            ||    58
